 Dungeon Crawl Stone Soup version 0.28-a0-1234-g826d19b2e0 (webtiles) character file.

Game seed: 4156583432256951542

289 anonymouscript the Chopper (level 6, 0/53 HPs)
             Began as a Hill Orc Fighter on Dec 23, 2021.
             Slain by a scorpion (6 damage)
             ... on level 3 of the Dungeon.
             The game lasted 00:12:51 (1629 turns).

anonymouscript the Chopper (Hill Orc Fighter)       Turns: 1629, Time: 00:12:52

Health: 0/53       AC:  7    Str: 21    XL:     6   Next: 31%
Magic:  6/6        EV: 23    Int:  8    God:
Gold:   85         SH:  8    Dex: 10    Spells: 4/5 levels left

rFire   . . .      SeeInvis .   a - +0 war axe
rCold   . . .      Faith    .   g - +0 kite shield
rNeg    . . .      Spirit   .   b - +0 scale mail
rPois   +          Reflect  .   (no helmet)
rElec   .          Harm     .   (no cloak)
rCorr   .          Rampage  .   (no gloves)
Will    .....                   (no boots)
Stlth   ..........              i - amulet of the acrobat
HPRegen 0.17/turn               h - ring of poison resistance
MPRegen 0.10/turn               p - ring of flight

@: acrobatic, flying
A: no striking features
a: no special abilities


You were on level 3 of the Dungeon.
You visited 1 branch of the dungeon, and saw 4 of its levels.

You collected 85 gold pieces.

Inventory:

Hand Weapons
 a - a +0 war axe (weapon)
 q - a +0 mace of holy wrath
 r - a +2 falchion of electrocution
Armour
 b - a +0 scale mail (worn)
 c - a +0 buckler
 g - a +0 kite shield (worn)
Jewellery
 h - a ring of poison resistance (left hand)
 i - an amulet of the acrobat (around neck)
 k - a ring of ice
 p - a ring of flight (right hand)
Scrolls
 e - 3 scrolls of magic mapping {unknown}
 n - 3 scrolls of teleportation {unknown}
Potions
 f - 2 potions of flight
 j - a potion of invisibility {unknown}
 l - 2 potions of degeneration {unknown}
 m - a potion of berserk rage {unknown}
 o - a potion of curing {unknown}


   Skills:
 + Level 4.7 Fighting
 + Level 5.7 Axes
 + Level 4.3 Armour
 + Level 0.9 Dodging
 + Level 0.2 Stealth
 + Level 4.3 Shields


You had 4 spell levels left.
You knew the following spells:

 Your Spells              Type           Power      Damage    Failure   Level
a - Sting                 Tmut/Pois      0%         1d3       99%         1

Your spell library contained the following spells:

 Spells                   Type           Power      Damage    Failure   Level
 Poisonous Vapours        Pois/Air       0%         N/A       100%        2
 Dazzling Flash           Conj/Hex       0%         N/A       100%        3
 Iskenderun's Mystic Bla  Conj/Tloc      0%         2d3       100%        4
 Olgreb's Toxic Radiance  Pois           0%         N/A       100%        4
 Starburst                Conj/Fire      0%         6d3       100%        6


Dungeon Overview and Level Annotations

Branches:
Dungeon (4/15)
 Temple: D:4-7

Altars:
Makhleb

Shops:
D:1 !


Message History

You block the hobgoblin's attack.
The hobgoblin hits you but does no damage.
You slash the hobgoblin!
You kill the hobgoblin!
You start resting.
A scorpion comes into view.
You hit the scorpion but do no damage. The scorpion barely misses you.
The scorpion stings you but does no damage.
You barely miss the scorpion. You block the scorpion's attack.
The scorpion barely misses you.
You hit the scorpion.
The scorpion is lightly wounded.
The scorpion completely misses you. The scorpion stings you.
You closely miss the scorpion.
The scorpion is lightly wounded.
The scorpion stings you.
You are poisoned.
The scorpion poisons you!
You feel very sick. You block the scorpion's attack.
You feel sick.
You feel sick.
There is a stone staircase leading up, spattered with blood here.
It was a potion of flight.
You feel more buoyant.
You feel sick. You block the scorpion's attack.
You feel sick. You block the scorpion's attack.
You fly upwards.
You feel sick.
There is a stone staircase leading down here.
You feel sick.
The scorpion stings you but does no damage.
You see here an orc corpse.
You feel sick.
You are no longer poisoned.
You block the scorpion's attack. The scorpion stings you!
* * * LOW HITPOINT WARNING * * *
You block the scorpion's attack. The scorpion stings you.
You die...

#..###.## ..##
#.......####.#
##...##......#
###.#..###..# #...[##
#.+## #....#.##...##
##.....##.....##
##..##.....s....##
######..##.#....@.>...#
.....)..# ##..........+
######..###...........#
##.....##.......##
#........##.....##
#.###.##.###...## ...
#.# .# ##+## #.# ..# .#
#. #### .#


You could see a scorpion.

Vanquished Creatures
  Duvessa (D:4)
  Dowan (D:4)
  A hound (D:3)
  Terence (D:2)
  2 adders
  An adder skeleton (D:4)
  A worm (D:3)
  2 dart slugs (D:1)
  3 orcs
  5 ball pythons
  6 endoplasms
  4 giant cockroaches
  3 goblins
  6 hobgoblins
  3 jackals (D:3)
  A quokka (D:1)
  5 bats
  A frilled lizard (D:2)
  3 kobolds
  5 rats
55 creatures vanquished.

Notes
Turn   | Place    | Note
-------+----------+-------------------------------------------
     0 | D:1      | anonymouscript the Hill Orc Fighter began the quest for the
                  | Orb.
     0 | D:1      | Reached XP level 1. HP: 19/19 MP: 1/1
    24 | D:1      | Found Zuriump's Distillery.
   116 | D:1      | Reached XP level 2. HP: 25/27 MP: 2/2
   316 | D:1      | Reached skill level 3 in Axes
   325 | D:1      | Learned a level 1 spell: Sting
   346 | D:1      | Reached XP level 3. HP: 32/33 MP: 3/3
   492 | D:2      | Found a burning altar of Makhleb.
   713 | D:2      | Noticed Terence
   723 | D:2      | Killed Terence
   724 | D:2      | Reached XP level 4. HP: 21/41 MP: 4/4
  1256 | D:4      | Reached skill level 4 in Axes
  1290 | D:4      | Noticed Duvessa
  1314 | D:3      | Reached XP level 5. HP: 33/47 MP: 5/5
  1488 | D:4      | Killed Duvessa
  1489 | D:4      | Reached skill level 5 in Axes
  1489 | D:4      | Reached XP level 6. HP: 26/53 MP: 6/6
  1503 | D:4      | Noticed Dowan
  1527 | D:4      | Killed Dowan
  1629 | D:3      | Slain by a scorpion

Illustrated notes

Levels and vault maps discovered:
D:1:      dpeg_arrival_long_road, layout_rooms, serial_shops, shop
D:2:      layout_basic, basic_altar, minmay_vboxes, uniq_terence, uniq_natasha
D:3:      layout_loops_corners, ebering_ecumenical_altar_webs, minmay_bisected
D:4:      layout_rooms, minmay_temple_entry_mini_moons, uniq_duvessa

Skill      XL: |  1  2  3  4  5 |
---------------+----------------+-----
Fighting       | 4 |  4.7
Axes           | 3 4 5 |  5.7
Shields        | 4 |  4.3
Armour         | 4 |  4.3
Dodging        | |  0.9
Stealth        | |  0.2

Action                   |  1- 3 |  4- 6 || total
-------------------------+-------+-------++-------
Melee: War axe           |   103 |    76 ||   179
  Use: Potion            |       |     2 ||     2
Armor: Scale mail        |    58 |    40 ||    98
Dodge: Dodged            |    64 |    49 ||   113
Block: Buckler           |    19 |       ||    19
       Kite shield       |    14 |    48 ||    62

Table legend: (Time is in decaauts)
 A = Elapsed time spent in this place.
 B = Non-inter-level travel time spent in this place.
 C = Inter-level travel time spent in this place.
 D = Time resting spent in this place.
 E = Time spent auto-exploring this place.
 F = Levels seen in this place.
 G = Mean time per level.
                   A        B        C        D        E       F      G
               +--------+--------+--------+--------+--------+-----+--------+
         Total |   1712 |   1712 |      0 |     43 |    709 |   4 |  428.0 |
       Dungeon |   1712 |   1712 |      0 |     43 |    709 |   4 |  428.0 |
               +--------+--------+--------+--------+--------+-----+--------+

Top non-repeatable levels by time:
     D:3: 498 daAuts
     D:4: 423 daAuts
     D:2: 412 daAuts
     D:1: 378 daAuts
